2977 views
Uploaded 2019-12-01 21:01:59
Game version 1.32.0.3 / 1.32.0.3.1
45:41 long 4on4 ladder game on (8)TwilightRuins_LV
Saved by iggythefisk
2977 views
Uploaded 2019-12-01 21:01:59
Game version 1.32.0.3 / 1.32.0.3.1
45:41 long 4on4 ladder game on (8)TwilightRuins_LV


228 units @ 35k
/ 6.7k
70 buildings @ 11.1k
/ 4.3k

| Lesser Clarity Potion | 3 | 210 |
| Moonstone | 1 | 50 |
| Scroll of Town Portal | 1 | 350 |
| Scroll of Regeneration | 1 | 100 |
| Orb of Fire | 1 | 325 |
| Slippers of Agility +3 | 1 | 100 |
| total: | 8 | 1135g |
| Wisp | 22 | 1320 | / | 0 |
| Archer | 13 | 1690 | / | 130 |
| Huntress | 1 | 195 | / | 20 |
| Mountain Giant | 7 | 2450 | / | 700 |
| Dryad | 9 | 1305 | / | 540 |
| Glaive Thrower | 9 | 1890 | / | 585 |
| Peasant | 3 | 225 | / | 0 |
| Footman | 8 | 1080 | / | 0 |
| Knight | 8 | 1960 | / | 480 |
| Priest | 5 | 675 | / | 50 |
| Mortar Team | 8 | 1440 | / | 560 |
| total: | 93 | 14230g | / | 3065w |
| Altar of Elders | 1 | 180 | / | 50 |
| Moon Well | 8 | 1440 | / | 320 |
| Ancient of War | 2 | 300 | / | 120 |
| Ancient of Wonders | 2 | 180 | / | 60 |
| Hunter's Hall | 1 | 210 | / | 100 |
| Tree of Life | 1 | 340 | / | 185 |
| Ancient of Lore | 2 | 310 | / | 290 |
| Tree of Ages | 1 | 320 | / | 180 |
| Tree of Eternity | 1 | 330 | / | 200 |
| Scout Tower | 1 | 30 | / | 20 |
| Arcane Tower | 1 | 70 | / | 50 |
| Farm | 7 | 560 | / | 140 |
| Barracks | 2 | 320 | / | 120 |
| Arcane Vault | 1 | 130 | / | 30 |
| Lumber Mill | 1 | 120 | / | 0 |
| Blacksmith | 1 | 140 | / | 60 |
| Arcane Sanctum | 2 | 300 | / | 280 |
| Workshop | 2 | 280 | / | 280 |
| Keep | 1 | 320 | / | 210 |
| Castle | 1 | 360 | / | 210 |
| total: | 34 | 4840g | / | 2055w |
| 0:02 | Wisp |
| 0:02 | Wisp |
| 0:10 | Altar of Elders |
| 0:18 | Moon Well |
| 0:22 | Wisp |
| 0:35 | Farm |
| 0:43 | Wisp |
| 0:48 | Ancient of War |
| 0:52 | Wisp |
| 0:56 | Peasant |
| 1:03 | Barracks |
| 1:08 | Farm |
| 1:18 | Wisp |
| 1:29 | Wisp |
| 1:37 | Ancient of Wonders |
| 1:41 | Wisp |
| 1:46 | Peasant |
| 1:48 | Peasant |
| 1:53 | Farm |
| 1:56 | Scout Tower |
| 2:03 | Archer |
| 2:08 | Wisp |
| 2:11 | Moon Well |
| 2:17 | Summon Water Elemental |
| 2:23 | Fan of Knives |
| 2:31 | Hunter's Hall |
| 2:56 | Arcane Tower |
| 2:59 | Footman |
| 3:00 | Footman |
| 3:13 | Archer |
| 3:16 | Moon Well |
| 3:20 | Wisp |
| 3:23 | Archer |
| 3:40 | Arcane Vault |
| 3:43 | Lumber Mill |
| 3:46 | Farm |
| 4:24 | Archer |
| 4:25 | Huntress |
| 4:26 | Tree of Ages |
| 4:29 | Footman |
| 4:30 | Defend |
| 4:47 | Brilliance Aura |
| 4:51 | Slippers of Agility +3 |
| 5:00 | Archer |
| 5:03 | Moon Well |
| 5:08 | Keep |
| 5:11 | Farm |
| 5:13 | Footman |
| 5:24 | Lesser Clarity Potion |
| 5:25 | Moonstone |
| 5:31 | Lesser Clarity Potion |
| 5:49 | Blacksmith |
| 5:52 | Farm |
| 6:13 | Archer |
| 6:17 | Moon Well |
| 6:19 | Strength of the Moon |
| 6:20 | Ultravision |
| 6:57 | Blink |
| 7:07 | Iron Plating |
| 7:11 | Footman |
| 7:11 | Footman |
| 7:16 | Ancient of Lore |
| 7:22 | Ancient of Lore |
| 7:28 | Wisp |
| 7:28 | Wisp |
| 7:31 | Improved Bows |
| 7:31 | Archer |
| 7:31 | Archer |
| 8:10 | Fan of Knives |
| 8:14 | Summon Water Elemental |
| 8:20 | Tree of Life |
| 8:26 | Castle |
| 8:29 | Steel Plating |
| 8:30 | Footman |
| 8:30 | Footman |
| 8:34 | Mountain Giant |
| 8:36 | Dryad |
| 8:36 | Abolish Magic |
| 8:39 | Improved Strength of the Moon |
| 9:05 | Dryad |
| 9:39 | Barracks |
| 9:50 | Dryad |
| 10:00 | Reinforced Hides |
| 11:07 | Wisp |
| 11:07 | Wisp |
| 11:07 | Wisp |
| 11:07 | Wisp |
| 11:08 | Wisp |
| 11:12 | Knight |
| 11:14 | Sundering Blades |
| 11:14 | Animal War Training |
| 11:26 | Scroll of Regeneration |
| 11:33 | Lesser Clarity Potion |
| 11:47 | Mountain Giant |
| 12:08 | Mountain Giant |
| 12:28 | Arcane Sanctum |
| 12:30 | Arcane Sanctum |
| 12:35 | Knight |
| 12:35 | Knight |
| 12:38 | Farm |
| 12:41 | Mithril Plating |
| 12:57 | Archer |
| 12:57 | Archer |
| 13:05 | Dryad |
| 13:06 | Dryad |
| 13:20 | Glaive Thrower |
| 13:23 | Vorpal Blades |
| 13:32 | Knight |
| 14:21 | Priest Adept Training |
| 14:21 | Priest |
| 14:22 | Priest |
| 14:36 | Moon Well |
| 14:40 | Wisp |
| 14:44 | Moon Well |
| 14:51 | Improved Reinforced Hides |
| 14:53 | Tree of Eternity |
| 15:32 | Dryad |
| 15:33 | Dryad |
| 15:36 | Priest Master Training |
| 15:37 | Priest |
| 17:14 | Glaive Thrower |
| 17:15 | Glaive Thrower |
| 17:19 | Mountain Giant |
| 17:20 | Hardened Skin |
| 17:21 | Resistant Skin |
| 17:21 | Mountain Giant |
| 17:50 | Black Gunpowder |
| 17:51 | Iron Forged Swords |
| 17:53 | Knight |
| 17:53 | Knight |
| 19:12 | Wisp |
| 19:12 | Wisp |
| 19:17 | Ancient of War |
| 19:45 | Scroll of Town Portal |
| 19:47 | Orb of Fire |
| 19:52 | Advanced Reinforced Hides |
| 19:53 | Well Spring |
| 20:06 | Ancient of Wonders |
| 20:07 | Wisp |
| 20:09 | Wisp |
| 20:52 | Moon Well |
| 21:54 | Glaive Thrower |
| 21:54 | Glaive Thrower |
| 21:56 | Advanced Strength of the Moon |
| 22:48 | Workshop |
| 24:26 | Glaive Thrower |
| 24:27 | Glaive Thrower |
| 24:40 | Fragmentation Shards |
| 24:41 | Mortar Team |
| 24:41 | Mortar Team |
| 24:43 | Workshop |
| 25:43 | Knight |
| 25:43 | Knight |
| 25:46 | Mortar Team |
| 26:00 | Archer |
| 26:01 | Marksmanship |
| 26:23 | Dryad |
| 26:24 | Dryad |
| 29:11 | Brilliance Aura |
| 30:02 | Mortar Team |
| 30:02 | Mortar Team |
| 30:07 | Priest |
| 30:07 | Priest |
| 30:28 | Mountain Giant |
| 30:28 | Mountain Giant |
| 31:30 | Glaive Thrower |
| 31:31 | Glaive Thrower |
| 32:10 | Mortar Team |
| 32:10 | Mortar Team |
| 32:10 | Mortar Team |
| 32:52 | Archer |
| 32:52 | Archer |
| Right click | 2152 |
| Select group | 737 |
| Select | 715 |
| Misc. action | 196 |
| Build/train/purchase | 195 |
| Assign group | 81 |
| Use ability | 30 |
| Minimap ping | 5 |
| Item give/drop | 1 |
| Remove unit | 1 |



| Orb of Venom | 1 | 325 |
| Scroll of Town Portal | 1 | 350 |
| Claws of Attack +9 | 1 | 300 |
| Hood of Cunning | 1 | 500 |
| Ancient Janggo of Endurance | 1 | 500 |
| Ring of Protection +3 | 1 | 125 |
| total: | 6 | 2100g |
| Wisp | 19 | 1140 | / | 0 |
| Archer | 8 | 1040 | / | 80 |
| Huntress | 6 | 1170 | / | 120 |
| Glaive Thrower | 19 | 3990 | / | 1235 |
| Hippogryph | 2 | 320 | / | 40 |
| Dryad | 1 | 145 | / | 60 |
| Mountain Giant | 7 | 2450 | / | 700 |
| Goblin Shredder | 1 | 375 | / | 100 |
| Makrura Deepseer | 1 | 500 | / | 100 |
| Makrura Snapper | 1 | 315 | / | 0 |
| Giant Sea Turtle | 1 | 295 | / | 35 |
| Flying Machine | 3 | 300 | / | 90 |
| Mortar Team | 6 | 1080 | / | 420 |
| total: | 75 | 13120g | / | 2980w |
| Ancient Protector | 1 | 135 | / | 80 |
| Altar of Elders | 1 | 180 | / | 50 |
| Ancient of War | 2 | 300 | / | 120 |
| Moon Well | 11 | 1980 | / | 440 |
| Ancient of Wonders | 1 | 90 | / | 30 |
| Hunter's Hall | 1 | 210 | / | 100 |
| Tree of Life | 1 | 340 | / | 185 |
| Ancient of Wind | 1 | 150 | / | 140 |
| Ancient of Lore | 1 | 155 | / | 145 |
| Tree of Ages | 1 | 320 | / | 180 |
| Tree of Eternity | 1 | 330 | / | 200 |
| total: | 20 | 3540g | / | 1290w |
| 0:04 | Altar of Elders |
| 0:07 | Ancient of War |
| 0:10 | Wisp |
| 0:10 | Wisp |
| 0:13 | Wisp |
| 0:40 | Moon Well |
| 0:47 | Wisp |
| 0:48 | Wisp |
| 1:49 | Moon Well |
| 1:54 | Ancient of Wonders |
| 1:59 | Wisp |
| 2:12 | Archer |
| 2:12 | Archer |
| 2:13 | Archer |
| 2:59 | Force of Nature |
| 3:19 | Archer |
| 3:19 | Archer |
| 3:22 | Wisp |
| 3:22 | Wisp |
| 3:46 | Moon Well |
| 3:46 | Moon Well |
| 4:07 | Archer |
| 4:20 | Hunter's Hall |
| 4:24 | Wisp |
| 4:24 | Wisp |
| 5:42 | Tree of Ages |
| 5:57 | Huntress |
| 5:57 | Huntress |
| 5:58 | Huntress |
| 6:42 | Moon Armor |
| 6:42 | Strength of the Moon |
| 6:49 | Moon Well |
| 7:11 | Thorns Aura |
| 7:23 | Ultravision |
| 7:26 | Archer |
| 7:27 | Huntress |
| 8:04 | Backpack |
| 8:10 | Huntress |
| 8:44 | Tree of Life |
| 8:59 | Thorns Aura |
| 9:09 | Improved Bows |
| 9:43 | Reinforced Hides |
| 9:43 | Strength of the Wild |
| 9:46 | Wisp |
| 9:46 | Wisp |
| 9:46 | Wisp |
| 9:48 | Wisp |
| 10:36 | Vorpal Blades |
| 10:38 | Glaive Thrower |
| 10:39 | Glaive Thrower |
| 10:40 | Glaive Thrower |
| 11:05 | Wisp |
| 11:05 | Wisp |
| 11:05 | Wisp |
| 11:06 | Wisp |
| 11:06 | Wisp |
| 11:26 | Ancient of Wind |
| 11:56 | Moon Glaive |
| 12:23 | Trueshot Aura |
| 12:37 | Improved Moon Armor |
| 12:59 | Force of Nature |
| 13:24 | Improved Reinforced Hides |
| 13:43 | Improved Strength of the Moon |
| 14:29 | Improved Strength of the Wild |
| 14:58 | Goblin Shredder |
| 16:00 | Tree of Eternity |
| 16:10 | Ancient of Lore |
| 16:57 | Hippogryph |
| 16:58 | Hippogryph |
| 17:11 | Moon Well |
| 17:13 | Moon Well |
| 17:16 | Moon Well |
| 17:37 | Glaive Thrower |
| 17:37 | Glaive Thrower |
| 17:37 | Glaive Thrower |
| 17:37 | Glaive Thrower |
| 17:38 | Glaive Thrower |
| 18:03 | Dryad |
| 18:44 | Ancient of War |
| 19:20 | Moon Well |
| 19:21 | Moon Well |
| 19:22 | Moon Well |
| 20:16 | Glaive Thrower |
| 20:17 | Glaive Thrower |
| 20:19 | Glaive Thrower |
| 20:20 | Marksmanship |
| 20:23 | Sentinel |
| 20:27 | Well Spring |
| 20:28 | Advanced Reinforced Hides |
| 20:28 | Advanced Strength of the Wild |
| 20:29 | Advanced Strength of the Moon |
| 20:30 | Advanced Moon Armor |
| 20:34 | Hardened Skin |
| 20:34 | Resistant Skin |
| 20:35 | Druid of the Claw Adept Training |
| 20:36 | Abolish Magic |
| 20:38 | Druid of the Talon Adept Training |
| 21:40 | Druid of the Talon Master Training |
| 21:51 | Mana Burn |
| 22:10 | Ancient Protector |
| 23:49 | Makrura Deepseer |
| 23:54 | Makrura Snapper |
| 23:55 | Giant Sea Turtle |
| 24:49 | Orb of Venom |
| 24:52 | Scroll of Town Portal |
| 25:08 | Claws of Attack +9 |
| 25:13 | Hood of Cunning |
| 25:28 | Ancient Janggo of Endurance |
| 25:42 | Ring of Protection +3 |
| 27:50 | Searing Arrows |
| 29:54 | Archer |
| 29:55 | Huntress |
| 29:59 | Mountain Giant |
| 31:23 | Mountain Giant |
| 32:03 | Druid of the Claw Master Training |
| 35:59 | Mountain Giant |
| 35:59 | Mountain Giant |
| 36:05 | Mountain Giant |
| 36:05 | Mountain Giant |
| 36:05 | Mountain Giant |
| 36:47 | Glaive Thrower |
| 36:58 | Glaive Thrower |
| 36:59 | Glaive Thrower |
| 36:59 | Glaive Thrower |
| 36:59 | Glaive Thrower |
| 36:59 | Glaive Thrower |
| 36:59 | Glaive Thrower |
| 36:59 | Glaive Thrower |
| 37:09 | Flying Machine |
| 37:10 | Flying Machine |
| 37:10 | Flying Machine |
| 37:12 | Mortar Team |
| 37:12 | Mortar Team |
| 37:13 | Mortar Team |
| 37:13 | Mortar Team |
| 37:13 | Mortar Team |
| 37:13 | Mortar Team |
| Right click | 1247 |
| Select | 514 |
| Select group | 466 |
| Build/train/purchase | 139 |
| Chat | 52 |
| Misc. action | 45 |
| Use ability | 44 |
| Assign group | 35 |
| Item give/drop | 11 |
| Remove unit | 2 |
| Minimap ping | 2 |


| Orb of Venom | 1 | 325 |
| total: | 1 | 325g |
| Wisp | 11 | 660 | / | 0 |
| Archer | 25 | 3250 | / | 250 |
| Huntress | 7 | 1365 | / | 140 |
| Hippogryph | 13 | 2080 | / | 260 |
| total: | 56 | 7355g | / | 650w |
| Ancient Protector | 2 | 270 | / | 160 |
| Altar of Elders | 1 | 180 | / | 50 |
| Moon Well | 8 | 1440 | / | 320 |
| Ancient of War | 1 | 150 | / | 60 |
| Hunter's Hall | 1 | 210 | / | 100 |
| Ancient of Wonders | 1 | 90 | / | 30 |
| Ancient of Wind | 1 | 150 | / | 140 |
| Tree of Ages | 1 | 320 | / | 180 |
| Tree of Eternity | 1 | 330 | / | 200 |
| total: | 15 | 2490g | / | 860w |
| 0:10 | Wisp |
| 0:10 | Wisp |
| 0:11 | Wisp |
| 0:12 | Wisp |
| 0:17 | Altar of Elders |
| 0:30 | Moon Well |
| 0:48 | Wisp |
| 0:48 | Wisp |
| 0:49 | Wisp |
| 1:31 | Moon Well |
| 1:41 | Ancient of War |
| 1:50 | Wisp |
| 1:51 | Wisp |
| 1:51 | Wisp |
| 1:52 | Wisp |
| 2:23 | Force of Nature |
| 2:31 | Moon Well |
| 2:45 | Archer |
| 2:46 | Archer |
| 2:58 | Tree of Ages |
| 3:29 | Hunter's Hall |
| 5:25 | Huntress |
| 5:25 | Huntress |
| 5:26 | Archer |
| 5:27 | Archer |
| 5:29 | Improved Bows |
| 5:30 | Moon Glaive |
| 5:58 | Entangling Roots |
| 6:04 | Tree of Eternity |
| 6:14 | Ancient of Wind |
| 6:43 | Ultravision |
| 6:43 | Strength of the Moon |
| 6:44 | Moon Armor |
| 6:52 | Ancient of Wonders |
| 7:00 | Ancient Protector |
| 7:11 | Huntress |
| 7:11 | Huntress |
| 7:12 | Huntress |
| 7:13 | Archer |
| 7:38 | Sentinel |
| 8:22 | Hippogryph |
| 8:23 | Hippogryph |
| 8:23 | Hippogryph |
| 8:26 | Marksmanship |
| 9:01 | Moon Well |
| 9:03 | Moon Well |
| 9:10 | Ancient Protector |
| 9:44 | Archer |
| 9:45 | Archer |
| 10:13 | Thorns Aura |
| 10:27 | Huntress |
| 10:27 | Huntress |
| 10:28 | Archer |
| 10:28 | Archer |
| 11:34 | Archer |
| 11:34 | Archer |
| 11:34 | Archer |
| 12:27 | Improved Strength of the Moon |
| 12:28 | Improved Moon Armor |
| 12:29 | Well Spring |
| 12:53 | Entangling Roots |
| 13:20 | Moon Well |
| 13:24 | Moon Well |
| 14:01 | Advanced Strength of the Moon |
| 15:21 | Archer |
| 15:21 | Archer |
| 15:22 | Archer |
| 15:24 | Trueshot Aura |
| 17:52 | Advanced Moon Armor |
| 18:16 | Hippogryph |
| 18:16 | Hippogryph |
| 18:16 | Hippogryph |
| 19:41 | Hippogryph |
| 19:42 | Hippogryph |
| 19:42 | Hippogryph |
| 19:43 | Hippogryph |
| 19:44 | Hippogryph |
| 20:05 | Hippogryph |
| 20:05 | Hippogryph |
| 22:40 | Archer |
| 22:40 | Archer |
| 22:41 | Archer |
| 22:41 | Archer |
| 22:42 | Archer |
| 22:43 | Archer |
| 23:50 | Archer |
| 23:51 | Archer |
| 23:51 | Archer |
| 23:51 | Archer |
| 26:54 | Entangling Roots |
| 27:48 | Moon Well |
| 28:21 | Trueshot Aura |
| 28:22 | Searing Arrows |
| 28:55 | Nature's Blessing |
| 30:02 | Orb of Venom |
| Right click | 708 |
| Select group | 299 |
| Select | 298 |
| Misc. action | 141 |
| Chat | 104 |
| Build/train/purchase | 102 |
| Use ability | 59 |
| Resource trade | 32 |
| Assign group | 29 |
| Item give/drop | 4 |
| Remove unit | 1 |
| Peasant | 4 | 300 | / | 0 |
| total: | 4 | 300g | / | 0w |
| Altar of Kings | 1 | 180 | / | 50 |
| total: | 1 | 180g | / | 50w |
| 0:04 | Peasant |
| 0:04 | Peasant |
| 0:04 | Peasant |
| 0:05 | Peasant |
| 0:08 | Altar of Kings |
| Right click | 10 |
| Select | 5 |
| Build/train/purchase | 4 |
| Esc | 3 |
108 units @ 7.4k
/ 0k
532 buildings @ 27.4k
/ 13.2k
iggythefisk
(46:16) : 


x1)
| Scroll of Regeneration | 1 | 100 |
| Potion of Healing | 1 | 150 |
| Staff of Sanctuary | 3 | 750 |
| Orb of Fire | 3 | 975 |
| Boots of Speed | 4 | 1000 |
| Staff of Teleportation | 3 | 450 |
| Tome of Retraining | 1 | 300 |
| Circlet of Nobility | 1 | 175 |
| Periapt of Vitality | 1 | 325 |
| Medallion of Courage | 1 | 500 |
| Cloak of Flames | 1 | 500 |
| Pendant of Energy | 1 | 300 |
| total: | 21 | 5525g |
| Peasant | 28 | 2100 | / | 0 |
| Priest | 2 | 270 | / | 20 |
| total: | 30 | 2370g | / | 20w |
| Scout Tower | 161 | 4830 | / | 3220 |
| Arcane Tower | 13 | 910 | / | 650 |
| Guard Tower | 54 | 3780 | / | 2700 |
| Altar of Kings | 1 | 180 | / | 50 |
| Farm | 4 | 320 | / | 80 |
| Lumber Mill | 1 | 120 | / | 0 |
| Arcane Vault | 4 | 520 | / | 120 |
| Town Hall | 2 | 770 | / | 410 |
| Arcane Sanctum | 1 | 150 | / | 140 |
| Keep | 1 | 320 | / | 210 |
| Castle | 1 | 360 | / | 210 |
| total: | 174 | 6890g | / | 4020w |
| 0:07 | Altar of Kings |
| 0:09 | Peasant |
| 0:22 | Peasant |
| 0:26 | Farm |
| 0:42 | Lumber Mill |
| 0:44 | Peasant |
| 0:44 | Peasant |
| 0:56 | Farm |
| 1:08 | Peasant |
| 1:12 | Scout Tower |
| 1:17 | Peasant |
| 1:27 | Peasant |
| 1:47 | Scout Tower |
| 1:50 | Arcane Vault |
| 1:51 | Arcane Tower |
| 1:55 | Peasant |
| 1:57 | Improved Masonry |
| 2:04 | Peasant |
| 2:11 | Scout Tower |
| 2:13 | Scout Tower |
| 2:14 | Scout Tower |
| 2:14 | Scout Tower |
| 2:18 | Summon Water Elemental |
| 2:21 | Guard Tower |
| 2:23 | Scout Tower |
| 2:24 | Scout Tower |
| 2:30 | Peasant |
| 2:30 | Peasant |
| 2:30 | Peasant |
| 2:31 | Peasant |
| 2:49 | Peasant |
| 2:52 | Arcane Tower |
| 2:59 | Scout Tower |
| 3:09 | Peasant |
| 3:13 | Guard Tower |
| 3:16 | Scout Tower |
| 3:21 | Scout Tower |
| 3:22 | Scout Tower |
| 3:23 | Scout Tower |
| 3:24 | Guard Tower |
| 3:42 | Guard Tower |
| 3:44 | Scout Tower |
| 3:45 | Scout Tower |
| 3:45 | Scout Tower |
| 3:46 | Scout Tower |
| 3:46 | Scout Tower |
| 3:52 | Arcane Tower |
| 3:56 | Guard Tower |
| 4:06 | Keep |
| 4:30 | Boots of Speed |
| 4:31 | Boots of Speed |
| 4:31 | Staff of Teleportation |
| 4:36 | Guard Tower |
| 4:38 | Guard Tower |
| 4:40 | Guard Tower |
| 4:43 | Arcane Vault |
| 4:45 | Scout Tower |
| 4:46 | Scout Tower |
| 5:13 | Guard Tower |
| 5:16 | Scout Tower |
| 5:17 | Scout Tower |
| 5:18 | Scout Tower |
| 5:43 | Guard Tower |
| 5:48 | Scout Tower |
| 5:51 | Farm |
| 5:55 | Brilliance Aura |
| 6:20 | Town Hall |
| 6:24 | Scout Tower |
| 6:24 | Scout Tower |
| 6:25 | Scout Tower |
| 6:25 | Scout Tower |
| 6:26 | Scout Tower |
| 6:26 | Scout Tower |
| 6:27 | Scout Tower |
| 6:27 | Scout Tower |
| 6:29 | Scout Tower |
| 6:30 | Scout Tower |
| 6:30 | Scout Tower |
| 6:33 | Arcane Vault |
| 6:38 | Arcane Tower |
| 6:40 | Advanced Masonry |
| 6:40 | Improved Lumber Harvesting |
| 7:10 | Castle |
| 7:53 | Arcane Tower |
| 7:55 | Guard Tower |
| 8:18 | Arcane Sanctum |
| 8:23 | Arcane Tower |
| 8:25 | Guard Tower |
| 8:27 | Scout Tower |
| 8:28 | Scout Tower |
| 8:30 | Scout Tower |
| 8:32 | Scout Tower |
| 8:46 | Arcane Tower |
| 8:51 | Peasant |
| 8:59 | Guard Tower |
| 9:11 | Scout Tower |
| 9:12 | Scout Tower |
| 9:13 | Scout Tower |
| 9:14 | Scout Tower |
| 9:15 | Guard Tower |
| 9:18 | Summon Water Elemental |
| 9:31 | Magic Sentry |
| 9:33 | Imbued Masonry |
| 9:33 | Advanced Lumber Harvesting |
| 9:36 | Peasant |
| 9:36 | Peasant |
| 9:36 | Peasant |
| 9:37 | Guard Tower |
| 9:39 | Scout Tower |
| 9:41 | Scout Tower |
| 9:42 | Scout Tower |
| 9:43 | Scout Tower |
| 9:43 | Scout Tower |
| 9:44 | Scout Tower |
| 9:46 | Scout Tower |
| 9:46 | Scout Tower |
| 9:49 | Storm Bolt |
| 9:58 | Guard Tower |
| 10:19 | Scroll of Regeneration |
| 10:24 | Potion of Healing |
| 10:45 | Guard Tower |
| 10:52 | Peasant |
| 10:52 | Peasant |
| 10:52 | Peasant |
| 11:05 | Scout Tower |
| 11:07 | Scout Tower |
| 11:07 | Scout Tower |
| 11:14 | Guard Tower |
| 11:21 | Arcane Tower |
| 11:23 | Guard Tower |
| 11:26 | Scout Tower |
| 11:27 | Scout Tower |
| 11:28 | Scout Tower |
| 11:29 | Scout Tower |
| 11:29 | Scout Tower |
| 11:30 | Scout Tower |
| 11:30 | Scout Tower |
| 11:35 | Guard Tower |
| 11:37 | Guard Tower |
| 11:41 | Scout Tower |
| 11:41 | Scout Tower |
| 11:42 | Scout Tower |
| 11:42 | Scout Tower |
| 11:42 | Scout Tower |
| 11:43 | Scout Tower |
| 11:51 | Scout Tower |
| 11:52 | Scout Tower |
| 11:53 | Scout Tower |
| 11:53 | Scout Tower |
| 12:01 | Guard Tower |
| 12:06 | Arcane Vault |
| 12:07 | Priest Adept Training |
| 12:07 | Priest |
| 12:15 | Arcane Tower |
| 12:16 | Guard Tower |
| 12:35 | Guard Tower |
| 12:38 | Scout Tower |
| 12:40 | Scout Tower |
| 12:40 | Scout Tower |
| 12:44 | Staff of Sanctuary |
| 12:44 | Orb of Fire |
| 13:01 | Farm |
| 13:08 | Guard Tower |
| 13:29 | Boots of Speed |
| 13:35 | Tome of Retraining |
| 13:35 | Retrain Hero |
| 13:43 | Staff of Teleportation |
| 13:53 | Circlet of Nobility |
| 14:10 | Holy Light |
| 14:16 | Guard Tower |
| 14:20 | Guard Tower |
| 14:24 | Guard Tower |
| 14:27 | Scout Tower |
| 14:29 | Scout Tower |
| 14:30 | Scout Tower |
| 14:42 | Guard Tower |
| 14:54 | Blizzard |
| 14:55 | Brilliance Aura |
| 14:58 | Orb of Fire |
| 14:58 | Staff of Sanctuary |
| 15:07 | Guard Tower |
| 15:09 | Scout Tower |
| 15:12 | Scout Tower |
| 15:15 | Scout Tower |
| 15:15 | Scout Tower |
| 15:20 | Guard Tower |
| 15:29 | Scout Tower |
| 15:29 | Scout Tower |
| 15:30 | Scout Tower |
| 15:30 | Scout Tower |
| 15:30 | Scout Tower |
| 15:31 | Scout Tower |
| 15:42 | Scout Tower |
| 15:44 | Scout Tower |
| 15:44 | Scout Tower |
| 15:45 | Scout Tower |
| 15:55 | Peasant |
| 15:55 | Peasant |
| 16:39 | Bash |
| 16:52 | Town Hall |
| 16:54 | Scout Tower |
| 16:54 | Scout Tower |
| 16:55 | Scout Tower |
| 16:55 | Scout Tower |
| 16:55 | Scout Tower |
| 16:56 | Scout Tower |
| 16:57 | Scout Tower |
| 16:57 | Scout Tower |
| 17:01 | Scout Tower |
| 17:01 | Scout Tower |
| 17:02 | Scout Tower |
| 17:04 | Scout Tower |
| 17:04 | Scout Tower |
| 17:05 | Scout Tower |
| 17:07 | Scout Tower |
| 17:07 | Scout Tower |
| 17:08 | Scout Tower |
| 17:20 | Arcane Tower |
| 17:21 | Guard Tower |
| 17:36 | Periapt of Vitality |
| 17:38 | Boots of Speed |
| 17:39 | Staff of Teleportation |
| 17:46 | Arcane Tower |
| 17:47 | Guard Tower |
| 17:49 | Guard Tower |
| 17:51 | Scout Tower |
| 17:53 | Scout Tower |
| 17:54 | Scout Tower |
| 17:54 | Scout Tower |
| 17:58 | Guard Tower |
| 18:09 | Guard Tower |
| 18:23 | Guard Tower |
| 18:44 | Guard Tower |
| 19:16 | Guard Tower |
| 19:24 | Scout Tower |
| 19:26 | Scout Tower |
| 19:27 | Scout Tower |
| 19:41 | Scout Tower |
| 19:42 | Scout Tower |
| 19:42 | Scout Tower |
| 19:43 | Scout Tower |
| 19:43 | Scout Tower |
| 19:44 | Scout Tower |
| 19:45 | Scout Tower |
| 19:46 | Scout Tower |
| 19:48 | Peasant |
| 19:48 | Peasant |
| 19:57 | Scout Tower |
| 19:59 | Scout Tower |
| 19:59 | Scout Tower |
| 20:00 | Scout Tower |
| 20:01 | Scout Tower |
| 20:01 | Scout Tower |
| 20:02 | Scout Tower |
| 20:08 | Guard Tower |
| 20:11 | Scout Tower |
| 20:13 | Scout Tower |
| 20:14 | Scout Tower |
| 20:14 | Scout Tower |
| 20:28 | Guard Tower |
| 20:40 | Medallion of Courage |
| 20:43 | Divine Shield |
| 21:11 | Guard Tower |
| 21:15 | Peasant |
| 21:16 | Peasant |
| 21:26 | Guard Tower |
| 22:18 | Brilliance Aura |
| 22:43 | Guard Tower |
| 22:46 | Guard Tower |
| 23:00 | Priest |
| 23:03 | Priest Master Training |
| 23:04 | Sorceress Adept Training |
| 23:06 | Arcane Tower |
| 23:22 | Orb of Fire |
| 23:22 | Staff of Sanctuary |
| 23:35 | Guard Tower |
| 23:40 | Scout Tower |
| 23:41 | Scout Tower |
| 23:42 | Scout Tower |
| 23:42 | Scout Tower |
| 23:43 | Scout Tower |
| 23:44 | Scout Tower |
| 23:44 | Scout Tower |
| 24:02 | Guard Tower |
| 24:22 | Cloak of Flames |
| 24:36 | Guard Tower |
| 25:47 | Guard Tower |
| 25:52 | Guard Tower |
| 25:57 | Scout Tower |
| 25:57 | Scout Tower |
| 25:58 | Scout Tower |
| 25:59 | Scout Tower |
| 26:23 | Pendant of Energy |
| 27:34 | Storm Bolt |
| 28:01 | Guard Tower |
| 28:06 | Scout Tower |
| 28:09 | Scout Tower |
| 28:09 | Scout Tower |
| 28:10 | Scout Tower |
| 28:10 | Scout Tower |
| 28:11 | Scout Tower |
| 28:11 | Scout Tower |
| 28:12 | Scout Tower |
| 28:12 | Scout Tower |
| 28:13 | Scout Tower |
| 28:13 | Scout Tower |
| 28:52 | Guard Tower |
| 30:30 | Scout Tower |
| 30:32 | Scout Tower |
| 30:33 | Scout Tower |
| 30:34 | Scout Tower |
| 30:34 | Scout Tower |
| 30:55 | Arcane Tower |
| 30:57 | Guard Tower |
| 31:58 | Holy Light |
| 34:59 | Guard Tower |
| 36:29 | Bash |
| 38:00 | Blizzard |
| 40:27 | Divine Shield |
| Right click | 1795 |
| Select group | 983 |
| Select | 724 |
| Resource trade | 359 |
| Build/train/purchase | 192 |
| Chat | 164 |
| Use ability | 139 |
| Assign group | 132 |
| Misc. action | 95 |
| Item give/drop | 9 |
| Minimap ping | 5 |
| Remove unit | 2 |



x1)
| Potion of Healing | 2 | 300 |
| Staff of Sanctuary | 3 | 750 |
| Lesser Clarity Potion | 2 | 140 |
| Potion of Mana | 1 | 200 |
| Mechanical Critter | 5 | 250 |
| Scroll of Town Portal | 1 | 350 |
| Boots of Speed | 2 | 500 |
| Staff of Teleportation | 3 | 450 |
| Tome of Retraining | 1 | 300 |
| total: | 20 | 3240g |
| Peasant | 16 | 1200 | / | 0 |
| Priest | 1 | 135 | / | 10 |
| total: | 17 | 1335g | / | 10w |
| Scout Tower | 292 | 8760 | / | 5840 |
| Arcane Tower | 18 | 1260 | / | 900 |
| Guard Tower | 73 | 5110 | / | 3650 |
| Altar of Kings | 1 | 180 | / | 50 |
| Farm | 4 | 320 | / | 80 |
| Lumber Mill | 1 | 120 | / | 0 |
| Arcane Vault | 4 | 520 | / | 120 |
| Arcane Sanctum | 1 | 150 | / | 140 |
| Keep | 1 | 320 | / | 210 |
| Castle | 2 | 720 | / | 420 |
| total: | 303 | 10050g | / | 6230w |
| 0:03 | Peasant |
| 0:03 | Peasant |
| 0:09 | Altar of Kings |
| 0:10 | Peasant |
| 0:19 | Farm |
| 0:25 | Peasant |
| 0:35 | Lumber Mill |
| 0:57 | Farm |
| 0:57 | Peasant |
| 1:05 | Peasant |
| 1:24 | Peasant |
| 1:25 | Scout Tower |
| 1:26 | Peasant |
| 1:35 | Peasant |
| 1:41 | Scout Tower |
| 1:44 | Scout Tower |
| 1:44 | Peasant |
| 1:57 | Peasant |
| 2:03 | Scout Tower |
| 2:09 | Scout Tower |
| 2:10 | Scout Tower |
| 2:10 | Scout Tower |
| 2:11 | Scout Tower |
| 2:14 | Summon Water Elemental |
| 2:20 | Arcane Tower |
| 2:26 | Peasant |
| 2:28 | Scout Tower |
| 2:37 | Arcane Tower |
| 2:38 | Guard Tower |
| 2:47 | Scout Tower |
| 2:47 | Scout Tower |
| 2:49 | Arcane Tower |
| 2:56 | Guard Tower |
| 3:03 | Guard Tower |
| 3:05 | Scout Tower |
| 3:06 | Scout Tower |
| 3:13 | Guard Tower |
| 3:14 | Scout Tower |
| 3:15 | Scout Tower |
| 3:15 | Scout Tower |
| 3:16 | Scout Tower |
| 3:16 | Guard Tower |
| 3:27 | Peasant |
| 3:31 | Guard Tower |
| 3:46 | Guard Tower |
| 3:47 | Guard Tower |
| 3:56 | Keep |
| 4:04 | Guard Tower |
| 4:05 | Guard Tower |
| 4:18 | Guard Tower |
| 4:18 | Guard Tower |
| 4:21 | Farm |
| 4:23 | Guard Tower |
| 4:35 | Scout Tower |
| 4:35 | Scout Tower |
| 4:36 | Scout Tower |
| 4:36 | Scout Tower |
| 5:09 | Brilliance Aura |
| 5:15 | Guard Tower |
| 5:19 | Scout Tower |
| 5:20 | Scout Tower |
| 5:21 | Scout Tower |
| 5:21 | Scout Tower |
| 5:22 | Scout Tower |
| 5:22 | Scout Tower |
| 5:34 | Guard Tower |
| 5:36 | Improved Masonry |
| 5:55 | Guard Tower |
| 5:59 | Scout Tower |
| 6:00 | Scout Tower |
| 6:00 | Scout Tower |
| 6:01 | Scout Tower |
| 6:26 | Guard Tower |
| 6:36 | Farm |
| 6:50 | Guard Tower |
| 6:53 | Guard Tower |
| 7:29 | Storm Bolt |
| 7:40 | Guard Tower |
| 7:40 | Castle |
| 8:25 | Arcane Vault |
| 8:30 | Guard Tower |
| 8:32 | Scout Tower |
| 8:32 | Scout Tower |
| 8:33 | Scout Tower |
| 8:33 | Scout Tower |
| 8:35 | Scout Tower |
| 8:35 | Scout Tower |
| 8:36 | Scout Tower |
| 8:37 | Scout Tower |
| 8:49 | Scout Tower |
| 8:49 | Scout Tower |
| 8:50 | Scout Tower |
| 8:51 | Scout Tower |
| 9:06 | Guard Tower |
| 9:08 | Guard Tower |
| 9:09 | Scout Tower |
| 9:10 | Scout Tower |
| 9:11 | Scout Tower |
| 9:11 | Scout Tower |
| 9:12 | Scout Tower |
| 9:13 | Scout Tower |
| 9:17 | Summon Water Elemental |
| 9:28 | Guard Tower |
| 9:44 | Arcane Vault |
| 9:46 | Arcane Sanctum |
| 10:18 | Guard Tower |
| 10:20 | Scout Tower |
| 10:21 | Scout Tower |
| 10:22 | Scout Tower |
| 10:35 | Boots of Speed |
| 10:43 | Staff of Teleportation |
| 11:04 | Scout Tower |
| 11:05 | Scout Tower |
| 11:05 | Scout Tower |
| 11:06 | Scout Tower |
| 11:06 | Scout Tower |
| 11:07 | Scout Tower |
| 11:07 | Scout Tower |
| 11:08 | Scout Tower |
| 11:11 | Staff of Teleportation |
| 11:21 | Priest |
| 11:21 | Magic Sentry |
| 11:34 | Arcane Vault |
| 11:46 | Potion of Healing |
| 11:46 | Potion of Healing |
| 12:13 | Holy Light |
| 12:14 | Guard Tower |
| 13:01 | Guard Tower |
| 13:08 | Guard Tower |
| 13:28 | Bash |
| 14:22 | Scout Tower |
| 14:23 | Scout Tower |
| 14:23 | Scout Tower |
| 14:24 | Scout Tower |
| 14:24 | Scout Tower |
| 14:25 | Scout Tower |
| 14:25 | Scout Tower |
| 14:26 | Scout Tower |
| 14:27 | Scout Tower |
| 14:28 | Scout Tower |
| 14:28 | Scout Tower |
| 14:29 | Scout Tower |
| 14:29 | Scout Tower |
| 14:29 | Scout Tower |
| 14:31 | Scout Tower |
| 14:32 | Scout Tower |
| 14:32 | Scout Tower |
| 14:33 | Scout Tower |
| 14:33 | Scout Tower |
| 14:34 | Scout Tower |
| 14:35 | Scout Tower |
| 14:35 | Scout Tower |
| 14:35 | Scout Tower |
| 14:49 | Guard Tower |
| 14:57 | Arcane Vault |
| 15:09 | Staff of Sanctuary |
| 15:19 | Advanced Masonry |
| 15:20 | Imbued Masonry |
| 15:38 | Staff of Teleportation |
| 15:52 | Boots of Speed |
| 16:06 | Divine Shield |
| 16:15 | Guard Tower |
| 16:17 | Tome of Retraining |
| 16:17 | Retrain Hero |
| 16:20 | Guard Tower |
| 16:24 | Guard Tower |
| 16:29 | Blizzard |
| 16:29 | Brilliance Aura |
| 16:29 | Blizzard |
| 17:13 | Guard Tower |
| 17:50 | Lesser Clarity Potion |
| 17:50 | Lesser Clarity Potion |
| 17:52 | Potion of Mana |
| 17:59 | Scout Tower |
| 17:59 | Scout Tower |
| 17:59 | Scout Tower |
| 18:00 | Scout Tower |
| 18:00 | Scout Tower |
| 18:01 | Scout Tower |
| 18:01 | Scout Tower |
| 18:01 | Scout Tower |
| 18:01 | Scout Tower |
| 18:14 | Staff of Sanctuary |
| 18:35 | Scout Tower |
| 18:35 | Scout Tower |
| 18:36 | Scout Tower |
| 18:36 | Scout Tower |
| 18:37 | Scout Tower |
| 18:37 | Scout Tower |
| 18:37 | Scout Tower |
| 18:37 | Scout Tower |
| 18:38 | Scout Tower |
| 18:38 | Scout Tower |
| 18:38 | Scout Tower |
| 18:38 | Scout Tower |
| 18:38 | Scout Tower |
| 18:38 | Scout Tower |
| 18:38 | Scout Tower |
| 18:46 | Staff of Sanctuary |
| 18:52 | Peasant |
| 18:53 | Peasant |
| 18:53 | Peasant |
| 19:18 | Guard Tower |
| 19:20 | Scout Tower |
| 19:20 | Scout Tower |
| 19:21 | Scout Tower |
| 19:22 | Scout Tower |
| 19:23 | Scout Tower |
| 19:23 | Scout Tower |
| 19:31 | Guard Tower |
| 19:41 | Mechanical Critter |
| 19:42 | Mechanical Critter |
| 19:52 | Mechanical Critter |
| 19:52 | Mechanical Critter |
| 19:53 | Mechanical Critter |
| 20:06 | Scroll of Town Portal |
| 20:14 | Guard Tower |
| 20:16 | Guard Tower |
| 20:25 | Guard Tower |
| 20:27 | Scout Tower |
| 20:28 | Scout Tower |
| 20:28 | Scout Tower |
| 20:29 | Scout Tower |
| 20:30 | Scout Tower |
| 20:30 | Scout Tower |
| 20:31 | Scout Tower |
| 20:32 | Scout Tower |
| 20:32 | Scout Tower |
| 20:32 | Scout Tower |
| 20:33 | Scout Tower |
| 20:33 | Scout Tower |
| 20:34 | Scout Tower |
| 20:34 | Scout Tower |
| 20:35 | Scout Tower |
| 20:35 | Scout Tower |
| 20:36 | Scout Tower |
| 20:36 | Scout Tower |
| 20:38 | Scout Tower |
| 20:38 | Scout Tower |
| 20:39 | Scout Tower |
| 20:39 | Scout Tower |
| 20:40 | Scout Tower |
| 20:41 | Scout Tower |
| 20:42 | Scout Tower |
| 20:43 | Scout Tower |
| 20:43 | Scout Tower |
| 20:43 | Scout Tower |
| 20:44 | Scout Tower |
| 20:45 | Scout Tower |
| 20:50 | Scout Tower |
| 20:50 | Scout Tower |
| 20:51 | Scout Tower |
| 20:51 | Scout Tower |
| 20:52 | Scout Tower |
| 20:52 | Scout Tower |
| 20:52 | Scout Tower |
| 20:53 | Scout Tower |
| 20:54 | Scout Tower |
| 20:54 | Scout Tower |
| 20:55 | Scout Tower |
| 20:55 | Scout Tower |
| 21:28 | Guard Tower |
| 21:31 | Arcane Tower |
| 21:31 | Guard Tower |
| 21:50 | Scout Tower |
| 21:51 | Scout Tower |
| 21:51 | Scout Tower |
| 21:52 | Scout Tower |
| 21:52 | Scout Tower |
| 21:52 | Scout Tower |
| 21:53 | Scout Tower |
| 21:53 | Scout Tower |
| 21:53 | Scout Tower |
| 21:54 | Scout Tower |
| 22:54 | Guard Tower |
| 22:56 | Guard Tower |
| 23:18 | Scout Tower |
| 23:18 | Scout Tower |
| 23:19 | Scout Tower |
| 23:19 | Scout Tower |
| 23:40 | Guard Tower |
| 23:42 | Scout Tower |
| 23:43 | Scout Tower |
| 23:43 | Scout Tower |
| 23:43 | Scout Tower |
| 23:43 | Scout Tower |
| 23:44 | Scout Tower |
| 23:45 | Scout Tower |
| 23:45 | Scout Tower |
| 23:46 | Scout Tower |
| 23:47 | Scout Tower |
| 23:47 | Scout Tower |
| 23:47 | Scout Tower |
| 23:50 | Brilliance Aura |
| 24:12 | Guard Tower |
| 24:15 | Guard Tower |
| 24:17 | Arcane Tower |
| 24:18 | Arcane Tower |
| 24:18 | Arcane Tower |
| 24:23 | Arcane Tower |
| 24:32 | Guard Tower |
| 24:35 | Improved Lumber Harvesting |
| 24:49 | Guard Tower |
| 24:50 | Arcane Tower |
| 24:50 | Guard Tower |
| 25:45 | Guard Tower |
| 25:46 | Scout Tower |
| 25:47 | Scout Tower |
| 25:47 | Scout Tower |
| 25:48 | Scout Tower |
| 25:48 | Scout Tower |
| 25:49 | Scout Tower |
| 25:49 | Scout Tower |
| 25:50 | Scout Tower |
| 25:51 | Guard Tower |
| 25:53 | Scout Tower |
| 25:54 | Scout Tower |
| 26:27 | Storm Bolt |
| 26:51 | Scout Tower |
| 26:52 | Scout Tower |
| 26:52 | Scout Tower |
| 26:53 | Scout Tower |
| 26:53 | Scout Tower |
| 26:53 | Scout Tower |
| 26:54 | Scout Tower |
| 26:54 | Scout Tower |
| 26:55 | Scout Tower |
| 26:55 | Scout Tower |
| 26:56 | Scout Tower |
| 26:58 | Scout Tower |
| 26:58 | Scout Tower |
| 26:58 | Scout Tower |
| 26:59 | Scout Tower |
| 26:59 | Scout Tower |
| 27:00 | Scout Tower |
| 27:00 | Scout Tower |
| 27:01 | Scout Tower |
| 27:10 | Arcane Tower |
| 27:31 | Holy Light |
| 28:05 | Scout Tower |
| 28:06 | Scout Tower |
| 28:06 | Scout Tower |
| 28:07 | Scout Tower |
| 28:07 | Scout Tower |
| 28:07 | Scout Tower |
| 28:08 | Scout Tower |
| 28:08 | Scout Tower |
| 28:54 | Scout Tower |
| 28:54 | Scout Tower |
| 28:55 | Scout Tower |
| 28:55 | Scout Tower |
| 28:55 | Scout Tower |
| 28:56 | Scout Tower |
| 28:56 | Scout Tower |
| 28:56 | Scout Tower |
| 28:56 | Scout Tower |
| 28:56 | Scout Tower |
| 28:57 | Scout Tower |
| 28:57 | Scout Tower |
| 29:00 | Guard Tower |
| 29:01 | Scout Tower |
| 29:02 | Scout Tower |
| 29:21 | Guard Tower |
| 29:24 | Guard Tower |
| 29:33 | Guard Tower |
| 29:38 | Scout Tower |
| 29:38 | Scout Tower |
| 29:39 | Scout Tower |
| 29:39 | Scout Tower |
| 29:40 | Scout Tower |
| 29:41 | Scout Tower |
| 29:41 | Scout Tower |
| 29:42 | Scout Tower |
| 29:42 | Scout Tower |
| 29:42 | Scout Tower |
| 29:43 | Scout Tower |
| 29:43 | Scout Tower |
| 29:44 | Scout Tower |
| 29:44 | Scout Tower |
| 29:45 | Scout Tower |
| 29:48 | Guard Tower |
| 29:51 | Scout Tower |
| 29:52 | Scout Tower |
| 29:52 | Scout Tower |
| 29:53 | Scout Tower |
| 29:53 | Scout Tower |
| 29:54 | Scout Tower |
| 29:54 | Scout Tower |
| 29:54 | Scout Tower |
| 30:23 | Guard Tower |
| 30:26 | Scout Tower |
| 30:27 | Scout Tower |
| 30:27 | Scout Tower |
| 30:27 | Scout Tower |
| 30:28 | Scout Tower |
| 30:28 | Scout Tower |
| 30:29 | Scout Tower |
| 30:33 | Scout Tower |
| 30:34 | Scout Tower |
| 30:35 | Scout Tower |
| 30:35 | Scout Tower |
| 30:36 | Scout Tower |
| 30:36 | Scout Tower |
| 30:36 | Scout Tower |
| 30:37 | Scout Tower |
| 30:37 | Scout Tower |
| 30:52 | Guard Tower |
| 30:54 | Scout Tower |
| 30:55 | Scout Tower |
| 30:56 | Scout Tower |
| 30:56 | Scout Tower |
| 31:05 | Guard Tower |
| 31:14 | Guard Tower |
| 31:36 | Guard Tower |
| 31:37 | Scout Tower |
| 31:38 | Scout Tower |
| 31:38 | Scout Tower |
| 31:38 | Scout Tower |
| 31:39 | Scout Tower |
| 31:39 | Scout Tower |
| 31:40 | Scout Tower |
| 31:40 | Scout Tower |
| 31:49 | Guard Tower |
| 31:53 | Arcane Tower |
| 31:53 | Arcane Tower |
| 31:54 | Arcane Tower |
| 31:55 | Arcane Tower |
| 32:03 | Advanced Lumber Harvesting |
| 36:15 | Brilliance Aura |
| 36:38 | Divine Shield |
| 36:51 | Guard Tower |
| 37:03 | Guard Tower |
| 37:34 | Guard Tower |
| 37:59 | Guard Tower |
| 38:53 | Scout Tower |
| 38:53 | Scout Tower |
| 38:53 | Scout Tower |
| 38:54 | Scout Tower |
| 38:54 | Scout Tower |
| 38:55 | Scout Tower |
| 38:55 | Scout Tower |
| 38:56 | Scout Tower |
| 38:56 | Scout Tower |
| 39:06 | Priest Adept Training |
| 40:16 | Bash |
| 41:27 | Guard Tower |
| Right click | 3040 |
| Select | 1073 |
| Select group | 856 |
| Chat | 452 |
| Build/train/purchase | 283 |
| Use ability | 163 |
| Misc. action | 78 |
| Minimap ping | 37 |
| Assign group | 32 |
| Esc | 2 |
| Item give/drop | 1 |


| Orb of Venom | 2 | 650 |
| Staff of Teleportation | 2 | 300 |
| Boots of Speed | 2 | 500 |
| Circlet of Nobility | 1 | 175 |
| Staff of Sanctuary | 2 | 500 |
| Hood of Cunning | 1 | 500 |
| Medallion of Courage | 1 | 500 |
| total: | 11 | 3125g |
| Wisp | 31 | 1860 | / | 0 |
| total: | 31 | 1860g | / | 0w |
| Altar of Elders | 1 | 180 | / | 50 |
| Moon Well | 33 | 5940 | / | 1320 |
| Ancient of Wonders | 1 | 90 | / | 30 |
| Hunter's Hall | 1 | 210 | / | 100 |
| Tree of Life | 2 | 680 | / | 370 |
| Tree of Ages | 1 | 320 | / | 180 |
| Tree of Eternity | 2 | 660 | / | 400 |
| total: | 38 | 7100g | / | 1870w |
| 0:01 | Wisp |
| 0:01 | Wisp |
| 0:06 | Altar of Elders |
| 0:17 | Moon Well |
| 0:25 | Wisp |
| 0:47 | Wisp |
| 0:47 | Wisp |
| 1:16 | Moon Well |
| 1:18 | Wisp |
| 1:18 | Wisp |
| 1:25 | Wisp |
| 1:30 | Wisp |
| 1:30 | Wisp |
| 1:41 | Wisp |
| 1:41 | Wisp |
| 1:55 | Wisp |
| 2:01 | Wisp |
| 2:05 | Shadow Strike |
| 2:12 | Wisp |
| 2:38 | Wisp |
| 2:51 | Wisp |
| 2:52 | Wisp |
| 3:30 | Ancient of Wonders |
| 3:40 | Staff of Teleportation |
| 3:40 | Boots of Speed |
| 3:46 | Tree of Ages |
| 4:52 | Blink |
| 5:17 | Moon Well |
| 5:18 | Moon Well |
| 5:44 | Hunter's Hall |
| 6:12 | Moon Well |
| 6:13 | Moon Well |
| 6:52 | Tree of Eternity |
| 7:19 | Entangling Roots |
| 7:57 | Moon Well |
| 7:58 | Moon Well |
| 8:27 | Ultravision |
| 8:33 | Moon Well |
| 8:34 | Moon Well |
| 8:35 | Moon Well |
| 8:43 | Staff of Teleportation |
| 8:43 | Boots of Speed |
| 9:00 | Shadow Strike |
| 9:14 | Circlet of Nobility |
| 9:38 | Orb of Venom |
| 10:18 | Staff of Sanctuary |
| 11:11 | Thorns Aura |
| 11:37 | Tree of Life |
| 12:11 | Staff of Sanctuary |
| 12:17 | Orb of Venom |
| 12:51 | Well Spring |
| 14:24 | Moon Well |
| 14:27 | Moon Well |
| 14:34 | Moon Well |
| 14:34 | Moon Well |
| 14:37 | Wisp |
| 14:37 | Wisp |
| 14:37 | Wisp |
| 14:37 | Wisp |
| 15:45 | Moon Well |
| 16:34 | Hood of Cunning |
| 16:50 | Blink |
| 17:12 | Entangling Roots |
| 18:03 | Moon Well |
| 18:04 | Moon Well |
| 18:04 | Moon Well |
| 18:05 | Moon Well |
| 18:06 | Moon Well |
| 18:13 | Moon Well |
| 18:14 | Moon Well |
| 18:15 | Moon Well |
| 18:15 | Moon Well |
| 18:16 | Moon Well |
| 19:14 | Wisp |
| 19:14 | Wisp |
| 19:15 | Wisp |
| 19:15 | Wisp |
| 21:18 | Moon Well |
| 24:21 | Thorns Aura |
| 24:54 | Blink |
| 25:08 | Moon Well |
| 28:56 | Moon Well |
| 28:58 | Moon Well |
| 28:59 | Moon Well |
| 29:00 | Moon Well |
| 29:01 | Moon Well |
| 29:56 | Medallion of Courage |
| 30:42 | Nature's Blessing |
| 31:58 | Shadow Strike |
| 33:13 | Entangling Roots |
| 33:48 | Tree of Life |
| 37:27 | Wisp |
| 37:27 | Wisp |
| 37:27 | Wisp |
| 37:28 | Wisp |
| 37:28 | Wisp |
| 39:53 | Spirit of Vengeance |
| 42:22 | Tranquility |
| Right click | 3283 |
| Select group | 2030 |
| Select | 311 |
| Use ability | 252 |
| Resource trade | 230 |
| Build/train/purchase | 86 |
| Misc. action | 84 |
| Chat | 79 |
| Minimap ping | 57 |
| Item give/drop | 13 |
| Assign group | 5 |



| Potion of Healing | 2 | 300 |
| Orb of Venom | 1 | 325 |
| Scroll of Town Portal | 1 | 350 |
| Boots of Speed | 3 | 750 |
| Staff of Teleportation | 3 | 450 |
| Staff of Sanctuary | 3 | 750 |
| Orb of Fire | 2 | 650 |
| Legion Doom-Horn | 1 | 500 |
| Helm of Valor | 1 | 500 |
| Ring of Regeneration | 1 | 300 |
| Cloak of Flames | 1 | 500 |
| total: | 19 | 5375g |
| Wisp | 30 | 1800 | / | 0 |
| total: | 30 | 1800g | / | 0w |
| Altar of Elders | 2 | 360 | / | 100 |
| Moon Well | 11 | 1980 | / | 440 |
| Ancient of Wonders | 1 | 90 | / | 30 |
| Hunter's Hall | 1 | 210 | / | 100 |
| Tree of Life | 2 | 680 | / | 370 |
| Tree of Ages | 1 | 320 | / | 180 |
| Tree of Eternity | 1 | 330 | / | 200 |
| total: | 17 | 3320g | / | 1040w |
| 0:05 | Wisp |
| 0:05 | Altar of Elders |
| 0:22 | Moon Well |
| 0:24 | Wisp |
| 0:24 | Wisp |
| 0:36 | Wisp |
| 0:57 | Wisp |
| 1:07 | Wisp |
| 1:20 | Wisp |
| 1:26 | Moon Well |
| 1:40 | Wisp |
| 1:40 | Wisp |
| 1:58 | Wisp |
| 2:10 | Shadow Strike |
| 2:20 | Wisp |
| 2:21 | Wisp |
| 2:36 | Wisp |
| 2:39 | Wisp |
| 2:50 | Wisp |
| 3:07 | Wisp |
| 3:24 | Wisp |
| 3:25 | Wisp |
| 3:30 | Ancient of Wonders |
| 4:07 | Wisp |
| 4:35 | Wisp |
| 4:54 | Blink |
| 5:20 | Tree of Ages |
| 5:53 | Boots of Speed |
| 5:58 | Staff of Teleportation |
| 6:54 | Moon Well |
| 7:46 | Hunter's Hall |
| 8:56 | Mana Burn |
| 9:02 | Tree of Eternity |
| 9:59 | Shadow Strike |
| 10:19 | Staff of Sanctuary |
| 10:41 | Potion of Healing |
| 11:20 | Moon Well |
| 11:29 | Tree of Life |
| 11:37 | Staff of Teleportation |
| 11:56 | Boots of Speed |
| 13:44 | Evasion |
| 13:54 | Well Spring |
| 14:15 | Scroll of Town Portal |
| 14:22 | Staff of Sanctuary |
| 14:23 | Orb of Fire |
| 14:36 | Ultravision |
| 15:10 | Drunken Haze |
| 16:18 | Tree of Life |
| 16:30 | Moon Well |
| 17:07 | Potion of Healing |
| 17:49 | Altar of Elders |
| 18:50 | Boots of Speed |
| 18:51 | Staff of Teleportation |
| 19:56 | Moon Well |
| 20:15 | Orb of Venom |
| 21:03 | Blink |
| 21:11 | Drunken Brawler |
| 23:00 | Wisp |
| 23:00 | Wisp |
| 23:00 | Wisp |
| 23:00 | Wisp |
| 23:02 | Wisp |
| 23:11 | Wisp |
| 23:11 | Wisp |
| 23:11 | Wisp |
| 23:11 | Wisp |
| 23:11 | Wisp |
| 23:27 | Mana Burn |
| 25:04 | Legion Doom-Horn |
| 25:28 | Staff of Sanctuary |
| 25:28 | Orb of Fire |
| 26:20 | Moon Well |
| 28:03 | Helm of Valor |
| 28:19 | Moon Well |
| 29:22 | Shadow Strike |
| 29:33 | Shadow Strike |
| 29:35 | Drunken Haze |
| 29:44 | Shadow Strike |
| 30:08 | Shadow Strike |
| 30:33 | Moon Well |
| 31:28 | Moon Well |
| 32:33 | Evasion |
| 33:30 | Ring of Regeneration |
| 37:08 | Cloak of Flames |
| 38:47 | Nature's Blessing |
| 39:54 | Drunken Brawler |
| 41:13 | Mana Burn |
| 43:17 | Spirit of Vengeance |
| 45:35 | Moon Well |
| Right click | 3052 |
| Select | 842 |
| Select group | 666 |
| Resource trade | 353 |
| Misc. action | 213 |
| Use ability | 168 |
| Build/train/purchase | 88 |
| Chat | 65 |
| Remove unit | 7 |
| Item give/drop | 6 |
| Assign group | 5 |
| Esc | 4 |
| Minimap ping | 3 |